PBL
MONTREAL EXPOS @ OAKLAND ATHLETICS
04/29/2071
 
TOP OF THE 1ST
Montreal Expos batting - Pitching for Oakland Athletics : RHP Clinton HOl
Pitching: RHP Clinton HOl
Batting: RHB Henry Treleaven 0-0: Called Strike
0-1: Ball
1-1: SINGLE (Groundball, 4MD, EV 103.8 MPH)
Batting: RHB Robin Lewis 0-0: Ball
1-0: Ball
2-0: Ball
3-0: Called Strike
3-1: SINGLE (Groundball, 4D, EV 102.5 MPH)
Henry Treleaven to second
Runner from 2nd tries for 3rd, SAFE, no throw by CF
Batting: RHB Ed Basset 0-0: Foul Ball, location: 2F
0-1: Called Strike
0-2: Ball
1-2: Fly out, F9 (Line Drive, 9S, EV 97.5 MPH)
Runner from 3rd tags up, SCORES, throw by RF
Batting: LHB Don Bullock 0-0: Called Strike
0-1: Ball
1-1: Called Strike
1-2: Strikes out swinging
Batting: RHB Roy López 0-0: Called Strike
0-1: Called Strike
0-2: Ball
1-2: SINGLE (Groundball, 4MD, EV 104.4 MPH)
Robin Lewis to second
Runner from 2nd tries for 3rd, SAFE, throw by CF made to third
Batting: LHB Armando Torres 0-0: Fly out, F8 (Flyball, 8RXD, EV 98.1 MPH)
Top of the 1st over - 1 run, 3 hits, 0 errors, 2 left on base; Montreal 1 - Oakland 0
BOTTOM OF THE 1ST
Oakland Athletics batting - Pitching for Montreal Expos : RHP Jack Anderson
Pitching: RHP Jack Anderson
Batting: RHB Jorge Ibarra 0-0: Ball
1-0: Called Strike
1-1: Ball
2-1: Called Strike
2-2: Ball
3-2: Fly out, F8 (Flyball, 8RM, EV 88.8 MPH)
Batting: RHB Ed Burch 0-0: Fly out, F9 (Line Drive, 9, EV 107.5 MPH)
Batting: LHB Pablo Gonzáles 0-0: Ball
1-0: Swinging Strike
1-1: Ball
2-1: SINGLE (Flyball, 5D, EV 90.0 MPH)
Batting: LHB Félix Castillo 0-0: Swinging Strike
0-1: SINGLE (Line Drive, 8RS, EV 103.1 MPH)
Pablo Gonzáles to second
Runner from 2nd tries for 3rd, SAFE, no throw by CF
Batting: LHB Roger McElroy 0-0: Ball
1-0: Ball
2-0: Ball
3-0: Base on Balls
Félix Castillo to second
Batting: LHB José Pelingo 0-0: Foul Ball, location: 2F
0-1: Foul Ball, location: 2F
0-2: Strikes out swinging
Bottom of the 1st over - 0 runs, 2 hits, 0 errors, 3 left on base; Montreal 1 - Oakland 0
TOP OF THE 2ND
Montreal Expos batting - Pitching for Oakland Athletics : RHP Clinton HOl
Batting: RHB Andrew Martínez 0-0: Ball
1-0: Foul Ball, location: 9LMF
1-1: Ball
2-1: Reached on error, E5 (Groundball, 56, EV 100.6 MPH)
Batting: LHB Mike Downs 0-0: Bunted foul
0-1: Bunted foul
0-2: Ball
1-2: Ball
2-2: Foul Ball, location: 25F
2-2: Ball
3-2: SINGLE (Line Drive, 78M, EV 96.3 MPH)
Andrew Martínez to second
Batting: RHB Felipe Rivas 0-0: Called Strike
0-1: Ball
1-1: Ball
2-1: DOUBLE (Line Drive, 89D, EV 104.4 MPH)
Andrew Martínez scores
Mike Downs to third
Batting: RHB Henry Treleaven 0-0: Called Strike
0-1: Ball
1-1: SINGLE (Line Drive, 78S, EV 107.5 MPH)
Mike Downs scores
Felipe Rivas to third
Batting: RHB Robin Lewis 0-0: Ball
1-0: Ball
2-0: Fly out, F7 (Flyball, 78M, EV 88.8 MPH)
Runner from 3rd tags up, SCORES, throw by LF
Batting: RHB Ed Basset 0-0: Swinging Strike
0-1: Swinging Strike
0-2: Foul Ball, location: 9LMF
0-2: Strikes out swinging
Batting: LHB Don Bullock 0-0: Called Strike
0-1: Swinging Strike
0-2: Foul Ball, location: 2F
0-2: SINGLE (Flyball, 78M, EV 89.4 MPH)
Henry Treleaven to second
Batting: RHB Roy López 0-0: Called Strike
0-1: Ball
1-1: Ball
2-1: Ball
3-1: Foul Ball, location: 7LMF
3-2: 3-RUN HOME RUN (Flyball, 7LD, EV 91.9 MPH), Distance : 340 ft
Batting: LHB Armando Torres 0-0: Called Strike
0-1: Swinging Strike
0-2: Ball
1-2: Strikes out looking
Top of the 2nd over - 6 runs, 5 hits, 1 error, 0 left on base; Montreal 7 - Oakland 0
BOTTOM OF THE 2ND
Oakland Athletics batting - Pitching for Montreal Expos : RHP Jack Anderson
Batting: LHB Eric Dodd 0-0: SINGLE (Groundball, 34, EV 106.3 MPH) (infield hit)
Batting: RHB Roberto Morán 0-0: Ball
1-0: Foul Ball, location: 7LSF
1-1: Swinging Strike
1-2: Ball
2-2: Fielders Choice at 2nd, 3-6 (Groundball, 3, EV 85.6 MPH)
Batting: RHB Tom Yarbrough 0-0: Called Strike
Roberto Morán steals 2nd, throwing error, E2
Roberto Morán to third
0-1: Ball
1-1: Foul Ball, location: 9LDF
1-2: Ball
2-2: Ground out 4-3 (Groundball, 4S, EV 66.3 MPH)
Roberto Morán scores
Batting: RHB Jorge Ibarra 0-0: Called Strike
0-1: Ball
1-1: Foul Ball, location: 23F
1-2: Strikes out swinging
Bottom of the 2nd over - 1 run, 1 hit, 1 error, 0 left on base; Montreal 7 - Oakland 1
TOP OF THE 3RD
Montreal Expos batting - Pitching for Oakland Athletics : RHP Clinton HOl
Pitching: LHP Craig Brooks
Batting: RHB Andrew Martínez 0-0: Called Strike
0-1: Ball
1-1: Ball
2-1: Ball
3-1: Foul Ball, location: 2LF
3-2: Strikes out looking
Batting: LHB Mike Downs 0-0: Ball
1-0: SINGLE (Line Drive, 56, EV 107.5 MPH)
Batting: RHB Felipe Rivas 0-0: Ball
1-0: Called Strike
1-1: Ground out 4-3 (Groundball, 4S, EV 71.3 MPH)
Mike Downs to second
Batting: RHB Henry Treleaven 0-0: Ball
1-0: Ball
2-0: Ball
3-0: Called Strike
3-1: Ground out 4-3 (Groundball, 34, EV 88.1 MPH)
Top of the 3rd over - 0 runs, 1 hit, 0 errors, 1 left on base; Montreal 7 - Oakland 1
BOTTOM OF THE 3RD
Oakland Athletics batting - Pitching for Montreal Expos : RHP Jack Anderson
Batting: RHB Ed Burch 0-0: Ground out 4-3 (Groundball, 4MS, EV 72.5 MPH)
Batting: LHB Pablo Gonzáles 0-0: Ground out U3 (Groundball, 3, EV 96.3 MPH)
Batting: LHB Félix Castillo 0-0: Called Strike
0-1: Called Strike
0-2: Ball
1-2: Foul Ball, location: 7LMF
1-2: Ball
2-2: Ball
3-2: Base on Balls
Batting: LHB Roger McElroy 0-0: Ball
1-0: Called Strike
1-1: Foul Ball, location: 2F
1-2: Ball
2-2: Ball
3-2: SINGLE (Flyball, 6MD, EV 88.1 MPH)
Félix Castillo to second
Félix Castillo to third
Batting: LHB José Pelingo 0-0: Foul Ball, location: 5F
0-1: Ball
1-1: Called Strike
1-2: SINGLE (Flyball, 4MD, EV 96.9 MPH)
Félix Castillo scores
Roger McElroy to second
Runner from 2nd tries for 3rd, OUT! 8-5
Bottom of the 3rd over - 1 run, 2 hits, 0 errors, 1 left on base; Montreal 7 - Oakland 2
TOP OF THE 4TH
Montreal Expos batting - Pitching for Oakland Athletics : LHP Craig Brooks
Batting: RHB Robin Lewis 0-0: Ball
1-0: Foul Ball, location: 2F
1-1: Called Strike
1-2: SINGLE (Line Drive, 34D, EV 96.3 MPH)
Batting: RHB Ed Basset 0-0: Called Strike
0-1: Ball
1-1: Ball
2-1: Swinging Strike
2-2: Strikes out swinging
Batting: LHB Don Bullock 0-0: Ball
1-0: Ball
2-0: Foul Ball, location: 3F
2-1: Fly out, F7 (Flyball, 78S, EV 76.9 MPH)
Batting: RHB Roy López 0-0: Ball
1-0: Ball
2-0: Ball
3-0: Called Strike
3-1: Base on Balls
Robin Lewis to second
Batting: LHB Armando Torres 0-0: Ball
1-0: Ball
2-0: Fly out, F7 (Flyball, 7D, EV 99.4 MPH)
Top of the 4th over - 0 runs, 1 hit, 0 errors, 2 left on base; Montreal 7 - Oakland 2
BOTTOM OF THE 4TH
Oakland Athletics batting - Pitching for Montreal Expos : RHP Jack Anderson
Batting: LHB Eric Dodd 0-0: SINGLE (Groundball, 4MD, EV 102.5 MPH)
Batting: RHB Roberto Morán 0-0: Ball
1-0: Ball
2-0: Called Strike
2-1: Foul Ball, location: 9LSFF
2-2: Foul Ball, location: 25FF
2-2: Ball
3-2: Fly out, F8 (Flyball, 8RS, EV 93.1 MPH)
Batting: RHB Tom Yarbrough 0-0: Ball
1-0: Foul Ball, location: 9LDF
1-1: Swinging Strike
1-2: Ball
2-2: Ball
3-2: Base on Balls
Eric Dodd to second
Batting: RHB Jorge Ibarra 0-0: SINGLE (Line Drive, 9S, EV 106.9 MPH)
Eric Dodd to third
Tom Yarbrough to second
Batting: RHB Ed Burch 0-0: Ball
1-0: Called Strike
1-1: Grounds into double play, 6-4-3 (Groundball, 6M, EV 98.1 MPH)
Bottom of the 4th over - 0 runs, 2 hits, 0 errors, 2 left on base; Montreal 7 - Oakland 2
TOP OF THE 5TH
Montreal Expos batting - Pitching for Oakland Athletics : LHP Craig Brooks
Batting: RHB Andrew Martínez 0-0: Ball
1-0: Called Strike
1-1: Ball
2-1: SINGLE (Flyball, 8LS, EV 93.1 MPH)
Batting: LHB Mike Downs 0-0: Called Strike
0-1: SINGLE (Line Drive, 78S, EV 96.3 MPH)
Andrew Martínez to second
Batting: RHB Felipe Rivas 0-0: Ball
1-0: Foul Ball, location: 2F
1-1: Foul Ball, location: 5FF
1-2: SINGLE (Line Drive, 89M, EV 85.0 MPH)
Andrew Martínez to third
Mike Downs to second
Batting: RHB Henry Treleaven 0-0: Called Strike
0-1: Ball
1-1: Called Strike
1-2: Fly out, F8 (Flyball, 8RM, EV 89.4 MPH)
Runner from 3rd tags up, SCORES, throw by CF
Pitching: LHP Huong Ho-Dac
Batting: RHB Robin Lewis 0-0: Fielders Choice at 2nd, 3-6 (Groundball, 34, EV 84.4 MPH)
Mike Downs to third
Batting: RHB Ed Basset 0-0: Ball
1-0: Called Strike
1-1: Ground out 4-3 (Groundball, 4M, EV 85.6 MPH)
Top of the 5th over - 1 run, 3 hits, 0 errors, 2 left on base; Montreal 8 - Oakland 2
BOTTOM OF THE 5TH
Oakland Athletics batting - Pitching for Montreal Expos : RHP Jack Anderson
Batting: LHB Pablo Gonzáles 0-0: Ball
1-0: Ball
2-0: Called Strike
2-1: Fly out, F9 (Flyball, 9D, EV 83.1 MPH)
Batting: LHB Félix Castillo 0-0: Ground out 2-3 (Groundball, 13S, EV 72.5 MPH)
Batting: LHB Roger McElroy 0-0: Foul Ball, location: 7LMF
0-1: Called Strike
0-2: SINGLE (Line Drive, 9LS, EV 102.5 MPH)
Batting: LHB José Pelingo 0-0: Called Strike
0-1: Ball
1-1: Swinging Strike
1-2: Strikes out swinging
Bottom of the 5th over - 0 runs, 1 hit, 0 errors, 1 left on base; Montreal 8 - Oakland 2
TOP OF THE 6TH
Montreal Expos batting - Pitching for Oakland Athletics : LHP Huong Ho-Dac
Batting: RHB Iván Pérez 0-0: Swinging Strike
0-1: Ball
1-1: DOUBLE (Line Drive, 89D, EV 108.1 MPH)
Batting: RHB Roy López 0-0: Ball
1-0: Ball
2-0: Ball
3-0: Foul Ball, location: 5FF
3-1: Base on Balls
Batting: LHB Armando Torres 0-0: Ball
1-0: Called Strike
1-1: Called Strike
1-2: Strikes out swinging
Batting: RHB Andrew Martínez 0-0: Called Strike
0-1: Ball
1-1: Ball
2-1: Fly out, F8 (Flyball, 78M, EV 81.3 MPH)
Batting: LHB Mike Downs 0-0: Ball
1-0: Ball
2-0: Swinging Strike
2-1: Called Strike
2-2: Foul Ball, location: 7LMF
2-2: Ball
3-2: Base on Balls
Iván Pérez to third
Roy López to second
Batting: RHB Felipe Rivas 0-0: SINGLE (Groundball, 34D, EV 107.5 MPH)
Iván Pérez scores
Roy López to third
Mike Downs to second
Runner from 3rd tries for Home, SAFE, throw by RF to home
Batting: RHB Henry Treleaven 0-0: Ball
1-0: Called Strike
1-1: Ball
2-1: Swinging Strike
2-2: Ball
3-2: Strikes out swinging
Top of the 6th over - 2 runs, 2 hits, 0 errors, 2 left on base; Montreal 10 - Oakland 2
BOTTOM OF THE 6TH
Oakland Athletics batting - Pitching for Montreal Expos : RHP Jack Anderson
Batting: LHB Eric Dodd 0-0: Called Strike
0-1: Ball
1-1: Ball
2-1: DOUBLE (Flyball, 78D, EV 110.0 MPH)
Batting: RHB Roberto Morán 0-0: Swinging Strike
0-1: Called Strike
0-2: Strikes out swinging
Batting: RHB Tom Yarbrough 0-0: Fly out, F9 (Flyball, 89M, EV 94.4 MPH)
Lined into DP, 9-6 (Flyball, 89M, EV 94.4 MPH)
Bottom of the 6th over - 0 runs, 1 hit, 0 errors, 0 left on base; Montreal 10 - Oakland 2
TOP OF THE 7TH
Montreal Expos batting - Pitching for Oakland Athletics : LHP Huong Ho-Dac
Batting: RHB Robin Lewis 0-0: Ground out 5-3 (Groundball, 56S, EV 90.0 MPH)
Batting: RHB Ed Basset 0-0: SINGLE (Line Drive, 3D, EV 97.5 MPH)
Batting: RHB Iván Pérez 0-0: Ball
1-0: Foul Ball, location: 5F
1-1: Foul Ball, location: 7LMF
1-2: Ball
2-2: Ball
3-2: Fly out, F5 (Popup, 5SF, EV 68.8 MPH)
Batting: RHB Roy López 0-0: Ball
1-0: Fly out, F6 (Popup, 6MS, EV 67.5 MPH)
Top of the 7th over - 0 runs, 1 hit, 0 errors, 1 left on base; Montreal 10 - Oakland 2
BOTTOM OF THE 7TH
Oakland Athletics batting - Pitching for Montreal Expos : RHP Jack Anderson
Batting: RHB Jorge Ibarra 0-0: Called Strike
0-1: Foul Ball, location: 2F
0-2: Ball
1-2: Foul Ball, location: 5F
1-2: Foul Ball, location: 9LMF
1-2: Ball
2-2: Foul Ball, location: 2F
2-2: Ground out 5-3 (Groundball, 56S, EV 88.1 MPH)
Pitching: RHP Mario Villanueva
Batting: RHB Ed Burch 0-0: Called Strike
0-1: Foul Ball, location: 2F
0-2: Ground out 4-3 (Groundball, 4M, EV 83.8 MPH)
Batting: LHB Pablo Gonzáles 0-0: Ball
1-0: Ball
2-0: Foul Ball, location: 7LSFF
2-1: Ground out 1-3 (Groundball, P, EV 73.8 MPH)
Bottom of the 7th over - 0 runs, 0 hits, 0 errors, 0 left on base; Montreal 10 - Oakland 2
TOP OF THE 8TH
Montreal Expos batting - Pitching for Oakland Athletics : LHP Huong Ho-Dac
Batting: LHB Armando Torres 0-0: Ball
1-0: Ground out 3-1 (Groundball, 34, EV 109.4 MPH)
Pitching: RHP Nick Johnson
Batting: RHB Andrew Martínez 0-0: Ball
1-0: Ground out 6-3 (Groundball, 6S, EV 76.3 MPH)
Batting: LHB Mike Downs 0-0: Fly out, F9 (Flyball, 89S, EV 91.3 MPH)
Top of the 8th over - 0 runs, 0 hits, 0 errors, 0 left on base; Montreal 10 - Oakland 2
BOTTOM OF THE 8TH
Oakland Athletics batting - Pitching for Montreal Expos : RHP Mario Villanueva
Batting: LHB Félix Castillo 0-0: Called Strike
0-1: Called Strike
0-2: Foul Ball, location: 2F
0-2: Ground out 3-1 (Groundball, 34, EV 85.0 MPH)
Batting: LHB Roger McElroy 0-0: SINGLE (Line Drive, 3D, EV 95.0 MPH)
Batting: LHB José Pelingo 0-0: Foul Ball, location: 3F
0-1: Called Strike
0-2: Ball
1-2: DOUBLE (Groundball, 3L, EV 98.1 MPH)
Roger McElroy to third
Runner from 3rd tries for Home, SAFE, no throw by RF
Batting: LHB Eric Dodd 0-0: Called Strike
0-1: Called Strike
0-2: Ball
1-2: Ball
2-2: Ball
3-2: Base on Balls
Batting: RHB Roberto Morán 0-0: Swinging Strike
0-1: Called Strike
0-2: Ground out 6-3 (Groundball, P, EV 85.6 MPH)
José Pelingo to third
Eric Dodd to second
Batting: RHB Tom Yarbrough 0-0: Ball
1-0: Ball
2-0: Swinging Strike
2-1: Called Strike
2-2: Ball
3-2: Strikes out swinging
Bottom of the 8th over - 1 run, 2 hits, 0 errors, 2 left on base; Montreal 10 - Oakland 3
TOP OF THE 9TH
Montreal Expos batting - Pitching for Oakland Athletics : RHP Nick Johnson
Pinch Hitting: LHB Oscar Blackwell 0-0: Ball
1-0: Ground out 4-3 (Groundball, 4, EV 101.3 MPH)
Batting: RHB Henry Treleaven 0-0: Ball
1-0: Ball
2-0: Foul Ball, location: 5FF
2-1: Swinging Strike
2-2: Foul Ball, location: 9LSF
2-2: Foul Ball, location: 2F
2-2: Foul Ball, location: 9LDF
2-2: SINGLE (Line Drive, 34, EV 100.0 MPH)
Batting: RHB Robin Lewis 0-0: Grounds into double play, 6-4-3 (Groundball, 6, EV 88.1 MPH)
Top of the 9th over - 0 runs, 1 hit, 0 errors, 0 left on base; Montreal 10 - Oakland 3
BOTTOM OF THE 9TH
Oakland Athletics batting - Pitching for Montreal Expos : RHP Mario Villanueva
Now at C: Jake Knapp
Batting: RHB Jorge Ibarra 0-0: Swinging Strike
0-1: Ground out 5-3 (Groundball, 5, EV 91.9 MPH)
Pinch Hitting: RHB Pablo Ayala 0-0: Ball
1-0: Foul Ball, location: 2F
1-1: Called Strike
1-2: Foul Ball, location: 2F
1-2: Foul Ball, location: 25F
1-2: Foul Ball, location: 2F
1-2: Foul Ball, location: 2F
1-2: Hit by Pitch
Pitching: LHP Juan Pérez
Batting: LHB Pablo Gonzáles 0-0: Ball
1-0: Fly out, F9 (Flyball, 89S, EV 90.6 MPH)
Batting: LHB Félix Castillo 0-0: Ball
1-0: Called Strike
1-1: Ball
2-1: Foul Ball, location: 7LMF
2-2: Fly out, F9 (Flyball, 89M, EV 96.9 MPH)
Bottom of the 9th over - 0 runs, 0 hits, 0 errors, 1 left on base; Montreal 10 - Oakland 3
Thursday, April 11th , 2024 - OOTP Baseball 24.10 Build 82